 Dungeon Crawl Stone Soup version 0.31-a0-229-g1fc7ce93e2 (webtiles) character file.

Game seed: 16371423539317653142

1817 Zonian the Skirmisher (level 8, -25/51 HPs)
             Began as a Deep Elf Hunter on July 7, 2023.
             Was a Believer of Makhleb.
             Killed from afar by an acid dragon (37 damage)
             ... with a splash of acid
             ... on level 8 of the Dungeon.
             The game lasted 00:28:22 (9136 turns).

Zonian the Skirmisher (Deep Elf Hunter)             Turns: 9136, Time: 00:28:22

Health: -25/51     AC:  8    Str:  8    XL:     8   Next: 85%
Magic:  19/19      EV: 15    Int: 15    God:    Makhleb [**....]
Gold:   370        SH:  0    Dex: 20    Spells: 7/7 levels left

rFire   . . .        d - +0 dagger (venom)
rCold   . . .        (no shield)
rNeg    . . .        A - +0 steam dragon scales
rPois   .            f - +0 helmet
rElec   .            (no cloak)
rCorr   .            i - +0 pair of gloves
SInv    .            r - +0 pair of boots
Will    .....        (no amulet)
Stlth   +            l - ring of flight
HPRegen 0.28/turn    y - ring of magical power
MPRegen 0.16/turn

%: no passive effects
@: confused, ambrosia-drunk, flying
A: no striking features
a: Renounce Religion, Minor Destruction


You were on level 8 of the Dungeon.
You worshipped Makhleb.
Makhleb was pleased with you.
You visited 1 branch of the dungeon, and saw 8 of its levels.

You collected 370 gold pieces.

Inventory:

Hand Weapons
 a - a +1 shortbow
 d - a +0 dagger of venom (weapon)
 g - a +1 sling
 h - a +0 dagger of holy wrath
 p - the +3 whip of Death's Door {antimagic, rCorr Dex+4}
   (You found it on level 3 of the Dungeon)

   Dex:       It affects your dexterity (+4).
   rCorr:     It protects you from acid and corrosion.
 u - a +0 orcbow
Missiles
 e - 2 javelins
 w - 5 poisoned darts
Armour
 c - a +0 leather armour
 f - a +0 helmet (worn)
 i - a +0 pair of gloves (worn)
 r - a +0 pair of boots (worn)
 s - an orb of wrath
 t - a +1 leather armour of cold resistance
 A - +0 steam dragon scales (worn)
Magical Staves
 m - a staff of poison
Jewellery
 l - a ring of flight (left hand)
 x - a ring of ice
 y - a ring of magical power (right hand)
Wands
 q - a wand of flame (18)
 v - a wand of polymorph (2)
Potions
 b - 4 potions of lignification
 j - 5 potions of brilliance
 k - a potion of mutation
 n - 3 potions of enlightenment
 o - 2 potions of cancellation


   Skills:
 + Level 6.2 Fighting
 + Level 10.9 Ranged Weapons
 - Level 4.9 Dodging
 - Level 4.8 Stealth


You had 7 spell levels left.
You didn't know any spells.
Your spell library was empty.

Dungeon Overview and Level Annotations

Branches:
Dungeon (8/15)             Temple (0/1) D:6
   Lair: D:8-11

Altars:
Fedhas
Makhleb
Nemelex Xobeh
Okawaru
Yredelemnul

Shops:
D:7 =

Annotations:
D:3 1 transporter
D:5 2 runed translucent doors, Dowan; Duvessa; Pikel; Zonian's ghost, amateur DEFE
D:7 1 runed translucent door


Message History

The arrow closely misses the acid dragon.
The arrow hits the gnoll.
The gnoll is lightly wounded.
The gnoll misses you. The acid dragon barely misses you.
The acid dragon claws you but does no damage.
Fire: a) +1 shortbow
Press: ? - help, Q - select action, (/) - cycle Shift-Dir - straight line, f/p - acid dragon
Aim: an acid dragon (lightly wounded, 71% to hit)
You shoot an arrow.
The arrow closely misses the acid dragon.
The arrow hits the gnoll.
The gnoll is heavily wounded.
The gnoll closely misses you. The acid dragon barely misses you.
The acid dragon closely misses you.
Fire: a) +1 shortbow
Press: ? - help, Q - select action, (/) - cycle Shift-Dir - straight line, f/p - acid dragon
Aim: an acid dragon (lightly wounded, 71% to hit)
You shoot an arrow. The arrow hits the acid dragon.
The acid dragon is moderately wounded.
The gnoll closely misses you. The acid dragon spits acid at you.
The splash of acid hits you!
* * * LOW HITPOINT WARNING * * *
You hear a howl!
You are confused.
You feel invigorated. The gnoll barely misses you.
The acid dragon bites you but does no damage.
The acid dragon claws you but does no damage.
Your +0 dagger of venom begins to drip with poison!
d - a +0 dagger of venom (weapon)
You hit the acid dragon.
The acid dragon is moderately wounded.
The gnoll barely misses you. The acid dragon bites you.
* * * LOW HITPOINT WARNING * * *
The acid dragon claws you but does no damage.
You bump into the rock wall.
The gnoll barely misses you. The acid dragon spits acid at you.
The splash of acid hits you!!!
Ouch! That really hurt!
You die...

...### ..#
..#.###.#
#.....##
..
#..†...#
...#.....#
####
#......#
...
##..)gg#
##.#
####D##
#.##..###
#@##
#.....<.#
#)#
#######.#
#.#
#.####.#
#......#
########


You could see an acid dragon (catching breath) and 2 gnolls.

Vanquished Creatures
  Eustachio (D:4)
  A naga (D:7)
  2 black bears (D:4)
  An ice beast (D:6)
  An ogre (D:5)
  2 centaurs
  3 lemures
  A kobold brigand (D:7)
  A bullfrog (D:6)
  A scorpion (D:5)
  5 killer bees
  3 howler monkeys (D:8)
  2 jellies
  A hound (D:6)
  A gnoll bouda (D:8)
  3 iguanas
  An orc wizard (D:3)
  3 gnolls (D:8)
  12 adders
  A shadow imp (D:6)
  2 white imps (D:7)
  3 ufetubi
  14 orcs
  4 ball pythons
  5 bats
  8 endoplasms
  4 giant cockroaches
  7 goblins
  13 hobgoblins
  10 jackals
  6 quokkas
  3 frilled lizards
  6 kobolds
  8 rats
139 creatures vanquished.

Notes
Turn   | Place    | Note
-------+----------+-------------------------------------------
     0 | D:1      | Zonian the Deep Elf Hunter began the quest for the Orb.
     0 | D:1      | Reached XP level 1. HP: 12/12 MP: 3/3
   112 | D:1      | Reached XP level 2. HP: 17/17 MP: 4/4
   666 | D:2      | Reached XP level 3. HP: 21/21 MP: 5/5
  1102 | D:2      | Reached skill level 6 in Ranged Weapons
  1109 | D:2      | Reached XP level 4. HP: 26/26 MP: 6/6
  1167 | D:2      | Found a faded altar of an unknown god.
  1364 | D:3      | Found a blossoming altar of Fedhas.
  1561 | D:3      | Found a burning altar of Makhleb.
  1572 | D:3      | Became a worshipper of Makhleb the Destroyer
  1975 | D:3      | Identified the +3 whip of Death's Door {antimagic, rCorr
                  | Dex+4}
  1980 | D:3      | Found a sparkling altar of Nemelex Xobeh.
  1980 | D:3      | Found a transporter.
  2156 | D:4      | Reached XP level 5. HP: 27/31 MP: 7/7
  2569 | D:4      | Noticed a black bear
  2745 | D:5      | Entered Level 5 of the Dungeon
  3217 | D:4      | Reached XP level 6. HP: 22/36 MP: 8/8
  3768 | D:4      | Found a basalt altar of Yredelemnul.
  3846 | D:4      | Found an iron altar of Okawaru.
  3887 | D:4      | Reached skill level 7 in Ranged Weapons
  4424 | D:5      | Noticed Dowan
  4426 | D:5      | Noticed Duvessa
  4907 | D:5      | Reached XP level 7. HP: 38/41 MP: 9/9
  4919 | D:5      | Reached * piety under Makhleb
  5182 | D:5      | Noticed Pikel
  5341 | D:5      | Noticed Eustachio
  5395 | D:5      | Reached skill level 8 in Ranged Weapons
  5519 | D:4      | Killed Eustachio
  6383 | D:5      | Found a large runed translucent door.
  6393 | D:5      | Found a large runed translucent door.
  6436 | D:5      | Noticed Zonian's ghost (amateur DEFE)
  6582 | D:6      | Reached skill level 9 in Ranged Weapons
  6582 | D:6      | Reached XP level 8. HP: 39/48 MP: 10/10
  6814 | D:6      | Found a staircase to the Ecumenical Temple.
  6983 | D:6      | Reached skill level 5 in Fighting
  7678 | D:7      | Found a runed translucent door.
  7678 | D:7      | Noticed a sixfirhy
  7851 | D:7      | Reached skill level 10 in Ranged Weapons
  8168 | D:7      | Found Yguniry's Jewellery Boutique.
  8629 | D:7      | Noticed Maggie
  8633 | D:7      | Maggie changed into Maggie the naga
  8633 | D:7      | Noticed Maggie
  8665 | D:7      | Killed Maggie the naga
  9121 | D:8      | Reached ** piety under Makhleb
  9136 | D:8      | Killed from afar by an acid dragon

Illustrated notes

Levels and vault maps discovered:
D:1:      mrwooster_arrival_statue, layout_basic
D:2:      layout_basic, ebering_ecumenical_altar_ruins
D:3:      layout_basic, old_standard_altar, grunt_nemelex_the_gamble,
          amcnicky_altar_gilded
D:4:      layout_basic, old_standard_altar, kennysheep_okawaru_gauntlet,
          kennysheep_cross_bottleneck
D:5:      layout_basic, ebering_ghost_disaster_area, uniq_eustachio, uniq_pikel,
          uniq_duvessa
D:6:      layout_cave_pools, minmay_temple_entry_antechambers
D:7:      cheibrodos_shockbox, layout_gridville, serial_shops,
          nicolae_inconvenience_store, minmay_nine_imps, uniq_maggie
D:8:      nicolae_BIG_FREAKIN_CUBE, layout_loops_ring,
          nicolae_hepliaklqana_hazy_memory, nicolae_shop_fire_sale
          [nicolae_sub_dead_trees], uniq_grum, uniq_psyche

Skill      XL: |  1  2  3  4  5  6  7  8 |
---------------+-------------------------+-----
Stealth        | 2 3 4 |  4.8
Fighting       | 2 3 4 6 |  6.2
Dodging        | 3 4 |  4.9
Ranged Weapons | 6 7 9 10 | 10.9

Action                     |  1- 3 |  4- 6 |  7- 9 || total
---------------------------+-------+-------+-------++-------
  Melee: Dagger            |       |       |     1 ||     1
   Fire: Shortbow          |   107 |   106 |   272 ||   485
         Sling             |       |    92 |       ||    92
  Evoke: Wand              |       |       |     5 ||     5
    Use: Scroll            |     1 |    11 |     9 ||    21
         Potion            |       |     1 |     1 ||     2
 Armour: Leather armour    |     5 |    20 |    46 ||    71
         Steam dragon scal |       |       |    15 ||    15
  Dodge: Dodged            |    20 |    74 |   174 ||   268

Table legend: (Time is in decaauts)
 A = Elapsed time spent in this place.
 B = Non-inter-level travel time spent in this place.
 C = Inter-level travel time spent in this place.
 D = Time resting spent in this place.
 E = Time spent auto-exploring this place.
 F = Levels seen in this place.
 G = Mean time per level.
                   A        B        C        D        E       F      G
               +--------+--------+--------+--------+--------+-----+--------+
         Total |   9175 |   8790 |    385 |   3738 |   2596 |   8 | 1146.9 |
       Dungeon |   9175 |   8790 |    385 |   3738 |   2596 |   8 | 1146.9 |
               +--------+--------+--------+--------+--------+-----+--------+

Top non-repeatable levels by time:
     D:4: 2925 daAuts
     D:5: 1501 daAuts
     D:7: 1429 daAuts
     D:6: 1081 daAuts
     D:3: 783 daAuts
     D:2: 726 daAuts
     D:1: 649 daAuts
     D:8: 78 daAuts
